 Dungeon Crawl Stone Soup version 0.30.1-11-g7821555f0a (webtiles) character file.

Game seed: 13011540374505281560

776 lonewolfV2 the Ducker (level 7, 0/63 HPs)
             Began as a Minotaur Fighter on Nov 7, 2023.
             Slain by an orc
             ... wielding a +0 hand axe
              (3 damage)
             ... on level 6 of the Dungeon.
             The game lasted 00:07:03 (3807 turns).

lonewolfV2 the Ducker (Minotaur Fighter)            Turns: 3807, Time: 00:07:04

Health: 0/63       AC: 11    Str: 25    XL:     7   Next: 54%
Magic:  15/15      EV: 11    Int:  4    God:
Gold:   241        SH:  0    Dex:  8    Spells: 6/6 levels left

rFire   . . .        h - +3 battleaxe (heavy)
rCold   + . .        (shield currently unavailable)
rNeg    . . .        b - +0 scale mail
rPois   .            (helmet restricted)
rElec   .            r - +0 cloak
rCorr   .            d - +1 Delatra's gloves {ID++}
SInv    .            (no boots)
Will    .....        (no amulet) Stlth
                     f - ring of magical power
HPRegen 0.30/turn    i - ring of protection from cold
MPRegen 0.14/turn

%: no passive effects
@: lethally poisoned (0 -> 0)
A: horns 2, retaliatory headbutt, clumsy 1, strong 1
a: no special abilities


You were on level 6 of the Dungeon.
You visited 2 branches of the dungeon, and saw 7 of its levels.

You collected 241 gold pieces.

Inventory:

Hand Weapons
 a - a +0 war axe
 h - a +3 heavy battleaxe (weapon)
Armour
 b - a +0 scale mail (worn)
 c - a +0 buckler
 d - the +1 Delatra's gloves (worn) {ID++}
   (You found it on level 3 of the Dungeon)

   ID++:      It heals its wearer when they drink unknown potions, and restores
   their MP when they read unknown scrolls.
 e - a +0 cloak
 r - a +0 cloak (worn)
Jewellery
 f - a ring of magical power (left hand)
 i - a ring of protection from cold (right hand)
 m - a ring of magical power
Wands
 o - a wand of digging (7)
 t - a wand of iceblast (7)
Scrolls
 n - 4 scrolls of identify
 q - a scroll of teleportation
 v - 3 scrolls of vulnerability
 w - 2 scrolls of amnesia
Potions
 g - 3 potions of flight
 k - 3 potions of resistance
 l - 2 potions of might
 p - a potion of degeneration {unknown}
 s - a potion of attraction {unknown}
 u - a potion of brilliance {unknown}


   Skills:
 + Level 6.2 Fighting
 - Level 2.4 Axes
 + Level 6.2 Armour
 * Level 6.3 Dodging
 - Level 3.6 Shields


You had 6 spell levels left.
You didn't know any spells.
Your spell library contained the following spells:

 Spells                   Type           Power      Damage    Failure   Level
 Lesser Beckoning         Tloc           0%         N/A       88%         2
 Call Canine Familiar     Summ           0%         N/A       98%         3
 Gell's Gravitas          Tloc           0%         N/A       98%         3
 Ignite Poison            Fire/Tmut/Pois 0%         N/A       98%         3
 Portal Projectile        Hex/Tloc       0%         N/A       98%         3
 Teleport Other           Tloc           0%         N/A       98%         3
 Leda's Liquefaction      Hex/Erth       0%         N/A       100%        4
 Sticky Flame             Conj/Fire      0%         2d3       100%        4
 Ignition                 Fire           0%         3d3       100%        8


Dungeon Overview and Level Annotations

Branches:
Dungeon (6/15)             Temple (1/1) D:5

Altars:
Dithmenos
Hepliaklqana
Kikubaaqudgha
Ru
Sif Muna
Vehumet
Wu Jian
Yredelemnul
Zin
The Shining One

Shops:
D:2 ?   D:5 :

Annotations:
D:3 1 runed translucent door


Innate Abilities, Weirdness & Mutations

You have a pair of horns on your head.
You reflexively headbutt those who attack you in melee.
You are clumsy. (Dex -2)
Your muscles are strong. (Str +4, Int/Dex -1)


Message History

You feel a bit more experienced.
The orc priest calls down the wrath of Beogh upon you.
Pain shoots through your body!
* * * LOW HITPOINT WARNING * * *
The orc priest miscasts a cantrip.
An orc comes into view. It is wielding a +0 flail.
The orc hits you but does no damage.
You slice the orc!!
You kill the orc!
The orc priest miscasts a cantrip.
The orc priest hits you but does no damage.
You slash the orc priest!
The orc priest is almost dead.
The orc priest barely misses you. The orc priest closely misses you.
You furiously retaliate!
You headbutt the orc priest!
You kill the orc priest!
An orc comes into view. It is wielding a +2 heavy spear.
The orc shouts!
The orc hits you but does no damage.
You are poisoned.
There is a stone staircase leading up, spattered with blood here.
Items here: )))))) [[ †††††.
You slash the orc!
You kill the orc!
You slash the orc!
You kill the orc!
You closely miss the orc.
You feel very sick. The orc hits you but does no damage. The orc misses you.
You furiously retaliate!
You headbutt the orc!
You kill the orc!
The orc hits you but does no damage.
You feel sick. The orc hits you with a +0 hand axe.
* * * LOW HITPOINT WARNING * * *
Items here: $ ) ? †.
You closely miss the orc. Your headbutt misses the orc.
You feel sick.
The orc hits you from afar with a +2 heavy spear.
* * * LOW HITPOINT WARNING * * *
The orc hits you with a +0 hand axe.
You die...

......# .
.....#.#
.....#.###
......... .
......... ...
#.....)..
....!####o.......
#....<@.o.)...
......###)....#..
####. ....### #
..#.## ..# .# ..#
.# ... .. ... ..


You could see 2 orcs.

Vanquished Creatures
  An orc warrior (D:5)
  A black bear (D:6)
  An ogre (D:4)
  A scorpion (D:5)
  3 orc priests
  A hound (D:5)
  Jessica (D:3)
  2 iguanas
  A sleepcap (D:5)
  4 orc wizards
  3 adders
  A white imp (D:3)
  3 worms
  2 dart slugs
  18 orcs
  8 ball pythons
  9 endoplasms
  4 giant cockroaches
  A goblin (D:1)
  8 hobgoblins
  3 jackals (D:1)
  6 bats
  A frilled lizard (D:2)
  4 kobolds
  2 rats
89 creatures vanquished.

Notes
Turn   | Place    | Note
-------+----------+-------------------------------------------
     0 | D:1      | lonewolfV2 the Minotaur Fighter began the quest for the
                  | Orb.
     0 | D:1      | Reached XP level 1. HP: 19/19 MP: 0/0
    64 | D:1      | Reached skill level 1 in Dodging
   177 | D:1      | Reached XP level 2. HP: 24/27 MP: 1/1
   366 | D:1      | Found a faded altar of an unknown god.
   706 | D:2      | Reached XP level 3. HP: 33/33 MP: 2/2
   771 | D:2      | Found a shadowy altar of Dithmenos.
   913 | D:2      | Found The Oracle's Delphic Readings.
  1196 | D:3      | Reached XP level 4. HP: 40/40 MP: 3/3
  1347 | D:3      | Found a basalt altar of Yredelemnul.
  1410 | D:3      | Noticed Jessica
  1420 | D:3      | Killed Jessica
  1591 | D:3      | Found a runed translucent door.
  1646 | D:3      | Found the +1 Delatra's gloves {ID++}
  1682 | D:3      | Reached XP level 5. HP: 36/47 MP: 4/4
  1936 | D:4      | Noticed an ogre
  1948 | D:4      | Killed an ogre
  1949 | D:4      | Reached skill level 5 in Fighting
  1949 | D:4      | Reached skill level 5 in Armour
  2513 | D:5      | Entered Level 5 of the Dungeon
  2548 | D:5      | Found Vewn's Book Emporium.
  2604 | D:5      | Noticed an orc warrior
  2615 | D:5      | HP: 1/48 [something (3)]
  2619 | D:5      | Gained mutation: You are clumsy. (Dex -2) [potion of
                  | mutation]
  2619 | D:5      | Gained mutation: Your muscles are strong. (Str +4, Int/Dex
                  | -1) [potion of mutation]
  2622 | D:5      | Reached XP level 6. HP: 55/56 MP: 5/5
  2626 | D:5      | Killed an orc warrior
  2627 | D:5      | Reached skill level 5 in Dodging
  3133 | D:5      | Reached XP level 7. HP: 62/62 MP: 6/6
  3283 | D:5      | Found a staircase to the Ecumenical Temple.
  3299 | Temple   | Entered the Ecumenical Temple
  3807 | D:6      | HP: 3/63 [orc/+2 heavy spear (2)]
  3807 | D:6      | Slain by an orc

Illustrated notes

Levels and vault maps discovered:
D:1:      dpeg_arrival_rooms_with_view, layout_rooms,
          dreamdust_ecumenical_altar_angels_and_demons, solitary_fountain
D:2:      layout_rooms, basic_altar, minmay_misc_feat_five,
          nicolae_nh_oracle_at_delphi
D:3:      layout_rooms, mainiacjoe_overflow_alcove_4, pf_guarded_unrand_delatra,
          uniq_crazy_yiuf_cottage, uniq_jessica
D:4:      layout_loops_ring
D:5:      layout_basic, minmay_temple_entry_waves, serial_shops,
          nicolae_book_shop_shelving, nicolae_concentric_dashed_squares_wild
D:6:      layout_rooms, grunt_temple_overflow_opulence
Temple:   hellmonk_temple_flake

Skill      XL: |  1  2  3  4  5  6  7 |
---------------+----------------------+-----
Dodging        | 1 2 3 4 5 6 |  6.3
Armour         | 4 5 6 |  6.2
Fighting       | 4 5 6 |  6.2
Axes           | |  2.4
Shields        | |  3.6

Action                     |  1- 3 |  4- 6 |  7- 9 || total
---------------------------+-------+-------+-------++-------
  Melee: War axe           |    56 |   100 |       ||   156
         Headbutt          |    12 |    15 |     2 ||    29
         Battleaxe         |       |    10 |    21 ||    31
    Use: Scroll            |     3 |     3 |     1 ||     7
         Potion            |       |     9 |       ||     9
 Armour: Scale mail        |    30 |    70 |    20 ||   120
         Skin              |       |    37 |       ||    37
  Dodge: Dodged            |    37 |    57 |    12 ||   106
  Block: Buckler           |    14 |    26 |       ||    40
